 Dungeon Crawl Stone Soup version 0.26-a0-712-ga5a9c9c9d0 (webtiles) character file.

Game seed: 9224937466411253303

361790 Peloso the Hoplite (level 21, -4/303 HPs)
             Began as a Minotaur Fighter on Nov 1, 2020.
             Was the Champion of Okawaru.
             Slain by an acid blob (15 damage)
             ... created by the Royal Jelly
             ... on level 5 of the Pits of Slime.
             The game lasted 03:01:01 (55667 turns).

Peloso the Hoplite (Minotaur Fighter)              Turns: 55667, Time: 03:01:02

Health: -4/303     AC: 21    Str: 33    XL:     21   Next: 50%
Magic:  20/22      EV: 14    Int:  5    God:    Okawaru [******]
Gold:   4513       SH: 20    Dex: 18    Spells: 20/20 levels left

rFire    + + .     SeeInvis +   p - +4 double sword (vorpal)
rCold    + + .     Faith    .   c - +0 kite shield {reflect}
rNeg     . . .     Spirit   .   n - +7 crystal plate armour of the Lizard {Int+2 Slay+2}
rPois    +         Reflect  +   W - +2 hat of the Big Bang {rC+ rCorr Stlth+}
rElec    +         Harm     .   e - +1 cloak of Virtue {Rampage rPois Str+4 Dex+3}
rCorr    +         Rampage  +   j - +0 pair of gloves {Dex+3}
MR       ++...     Rnd*Tele +   S - +2 pair of boots "Joycef" {MR+}
Stlth    ..........             z - amulet of Vaystr Naviwk {+Blink rF+ rC+ Regen+}
HPRegen  1.00/turn              E - ring of Ephemeral Luck {+Fly rElec rF+}
MPRegen  0.18/turn              Y - +4 ring of protection

@: berserking (expiring), heroism, corroded, very quick
A: retaliatory headbutt, horns 2, see invisible, deformed body, dopey 1,
teleportitis 1, evolution 1, subdued magic 1, MP-powered wands
}: 2/15 runes: serpentine, barnacled
a: Heroism, Finesse, Renounce Religion, Evoke Blink, Evoke Flight


You were on level 5 of the Pits of Slime.
You worshipped Okawaru.
Okawaru was exalted by your worship.
You visited 9 branches of the dungeon, and saw 41 of its levels.
You visited the Abyss 1 time.
You also visited: Gauntlet.

You collected 5923 gold pieces.
You spent 1410 gold pieces at shops.

Inventory:

Hand Weapons
 a - a +4 demon blade of freezing
 b - a +4 scimitar of flaming
 p - a +4 vorpal double sword (weapon)
Armour
 c - a +0 kite shield of reflection (worn)
 e - the +1 cloak of Virtue (worn) {Rampage rPois Str+4 Dex+3}
   (You bought it in a shop on level 1 of the Elven Halls)

   It affects your strength (+4).
   It affects your dexterity (+3).
   It protects you from poison.
   It bestows one free step when moving towards enemies.
 j - a +0 pair of gloves of dexterity (worn)
 n - the +7 crystal plate armour of the Lizard (worn) {Int+2 Slay+2}
   (You acquired it on level 1 of the Snake Pit)

   It affects your intelligence (+2).
   It affects your accuracy and damage with ranged weapons and melee attacks
   (+2).
 J - a +2 cloak of preservation
 S - the +2 pair of boots "Joycef" (worn) {MR+}
   (Okawaru gifted it to you on level 2 of the Elven Halls)

   It affects your resistance to hostile enchantments.
 W - the +2 hat of the Big Bang (worn) {rC+ rCorr Stlth+}
   (Okawaru gifted it to you on level 2 of the Lair of Beasts)

   It protects you from cold.
   It provides partial protection from all sources of acid and corrosion.
   It makes you more stealthy.
Jewellery
 d - an uncursed ring of ice
 m - an uncursed amulet of guardian spirit
 z - the amulet of Vaystr Naviwk (around neck) {+Blink rF+ rC+ Regen+}
   (You bought it in a shop on level 3 of the Elven Halls)

   [amulet of regeneration]

   It protects you from fire.
   It protects you from cold.
   It lets you blink.
   It increases your rate of regeneration.
 E - the ring of Ephemeral Luck (left hand) {+Fly rElec rF+}
   (You bought it in a shop on level 15 of the Dungeon)

   [ring of flight]

   It protects you from fire.
   It insulates you from electricity.
   It lets you fly.
 N - the ring "Tuiticoxt" {rF+ rC+ MP+9}
   (You found it on level 3 of the Elven Halls)

   [ring of protection from cold]

   It protects you from fire.
   It protects you from cold.
   It affects your magic capacity (+9).
 T - an uncursed ring of protection from magic
 Y - a +4 ring of protection (right hand)
Wands
 x - a wand of digging (2)
Scrolls
 f - 3 scrolls of blinking
 g - 5 scrolls of magic mapping
 h - 2 scrolls of identify
 i - 3 scrolls of immolation
 k - 4 scrolls of remove curse
 o - a scroll of amnesia
 q - 5 scrolls of fear
 s - 3 scrolls of summoning
 M - 13 scrolls of teleportation
Potions
 l - 5 potions of flight
 t - 2 potions of stabbing
 w - 2 potions of resistance
 A - 8 potions of haste
 F - 4 potions of curing
 G - 4 potions of mutation
 I - 4 potions of berserk rage
 L - a potion of might
 Z - 2 potions of heal wounds


   Skills:
 + Level 20.4(25.4) Fighting
   Level 5.9(19.3) Short Blades
 + Level 21.1(26.3) Long Blades
 + Level 19.6(24.6) Armour
 + Level 4.9(9.9) Dodging
 + Level 4.1(9.1) Stealth
 + Level 24.8(27) Shields
 + Level 3.0 Invocations
 + Level 1.6 Evocations


You had 20 spell levels left.
You didn't know any spells.
Your spell library contained the following spells:

 Spells                   Type           Power        Failure   Level
 Animate Skeleton         Necr           #.....       95%         1
 Beastly Appendage        Tmut           #.....       95%         1
 Foxfire                  Conj/Fire      #...         95%         1
 Sandblast                Erth           #.....       95%         1
 Corpse Rot               Necr/Air       N/A          99%         2
 Ensorcelled Hibernation  Hex/Ice        #.....       99%         2
 Passwall                 Tmut/Erth      #.......     99%         2
 Sublimation of Blood     Necr           #.........   99%         2
 Wereblood                Tmut           #.......     99%         2
 Confusing Touch          Hex            #.......     100%        3
 Conjure Flame            Conj/Fire      #.......     100%        3
 Gell's Gravitas          Tloc           #.........   100%        3
 Ignite Poison            Fire/Tmut/Pois #.......     100%        3
 Inner Flame              Hex/Fire       #.......     100%        3
 Spider Form              Tmut/Pois      #.........   100%        3
 Stone Arrow              Conj/Erth      #.....       100%        3
 Vampiric Draining        Necr           #.........   100%        3
 Animate Dead             Necr           #.........   100%        4
 Dispel Undead            Necr           #.......     100%        4
 Ice Form                 Ice/Tmut       #.......     100%        4
 Petrify                  Tmut/Erth      #.......     100%        4
 Sticky Flame             Conj/Fire      #.......     100%        4
 Agony                    Necr           #.......     100%        5
 Alistair's Intoxication  Tmut/Pois      #........    100%        5
 Blade Hands              Tmut           #.........   100%        5
 Bolt of Magma            Conj/Fire/Erth #.........   100%        5
 Borgnjor's Vile Clutch   Necr/Erth      #.........   100%        5
 Excruciating Wounds      Necr           #.........   100%        5
 Fireball                 Conj/Fire      #.........   100%        5
 Irradiate                Conj/Tmut      #.........   100%        5
 Iskenderun's Battlesphe  Conj           #.......     100%        5
 Lee's Rapid Deconstruct  Erth           #.........   100%        5
 Metabolic Englaciation   Hex/Ice        #.........   100%        5
 Silence                  Hex/Air        #.........   100%        5
 Yara's Violent Unravell  Hex/Tmut       #.........   100%        5
 Death Channel            Necr           #.........   100%        6
 Eringya's Noxious Bog    Tmut/Pois      #.........   100%        6
 Iron Shot                Conj/Erth      #.........   100%        6
 Shadow Creatures         Summ           N/A          100%        6
 Simulacrum               Ice/Necr       #.........   100%        6
 Starburst                Conj/Fire      #.........   100%        6
 Malign Gateway           Summ/Tloc      #.........   100%        7
 Monstrous Menagerie      Summ           #.........   100%        7
 Orb of Destruction       Conj           #.........   100%        7
 Spellforged Servitor     Conj/Summ      #.........   100%        7
 Summon Greater Demon     Summ           #.........   100%        7
 Chain Lightning          Conj/Air       #.........   100%        8
 Ignition                 Fire           #.........   100%        8
 Lehudib's Crystal Spear  Conj/Erth      #.........   100%        8
 Summon Horrible Things   Summ           #.........   100%        8
 Absolute Zero            Ice            #.........   100%        9
 Fire Storm               Conj/Fire      #.........   100%        9


Dungeon Overview and Level Annotations

Branches:
Dungeon (15/15)            Temple (1/1) D:6            Lair (6/6) D:9
 Shoals (4/4) Lair:2        Snake (4/4) Lair:4        Slime (5/5) Lair:6
    Orc (2/2) D:12            Elf (3/3) Orc:2        Vaults (1/5) D:13
 Depths (0/5) D:15        Gauntlet (visited)

Altars:
Ashenzari
Cheibriados
Dithmenos
Elyvilon
Fedhas
Gozag
Hepliaklqana
Kikubaaqudgha
Makhleb
Nemelex Xobeh
Okawaru
Qazlal
Ru
Sif Muna
Trog
Uskayaw
Wu Jian
Xom
Yredelemnul
The Shining One
Jiyva

Shops:
D:8 *   D:14 :   D:15 *   Orc:1 ?   Orc:2 =(*[   Elf:1 [:   Elf:3 :*
Shoals:2 (*(

Portals:
Abyss: Elf:2

Annotations:
Lair:4 Casa


Innate Abilities, Weirdness & Mutations

You reflexively headbutt those who attack you in melee.
You have a pair of horns on your head.
You have supernaturally acute eyesight. (SInv)
Armour fits poorly on your strangely shaped body.
You are dopey. (Int -2)
You are occasionally teleported next to monsters.
You evolve.
Your spells are a little easier to cast, but a little less powerful.
You expend magic power (3 MP) to strengthen your wands.


Message History

The acid blob spits acid at you. The splash of acid hits you. You resist.
* * * LOW HITPOINT WARNING * * *
The acid corrodes you!
You are splashed with acid.
You resist.
* * * LOW HITPOINT WARNING * * *
The azure jelly hits you but does no damage. x4
The death ooze hits you.
* * * LOW HITPOINT WARNING * * *
You block the death ooze's attack. The azure jelly closely misses you.
You furiously retaliate!
You headbutt the azure jelly. The azure jelly closely misses you.
The azure jelly barely misses you.
The azure jelly hits you but does no damage.
You hit the acid blob but do no damage.
Your hands burn!
* * * LOW HITPOINT WARNING * * *
The acid blob is severely wounded.
You block the azure jelly's attack. x2; The azure jelly hits you.
* * * LOW HITPOINT WARNING * * *
The azure jelly hits you but does no damage.
The acid blob hits you!
You die...

#.............................
#...........................
##............................
#.........................^...
#............................
##...........................
#####..........JJ................
#.............JJJJ...............
..............JJ@JJ....G.........
...<...J......JJJJJ..............
..............JJJJ...............
.................#####.####......
................##?##..##)##.....
...............##($?#.##$$?##....
..............##[:?##..##?=[##...
.............##[[!:?##.#(|φ}?##..
.............##($[/##..##$[?$##..


You could see 4 acid blobs, 8 azure jellies, a shining eye and 7 death oozes.

Vanquished Creatures
  the Royal Jelly (Slime:5)
  Dissolution (Slime:1)
  A hellephant (Elf:2)
  6 deep elf blademasters
  Asterion (Elf:3)
  The ghost of Bujuoga the Warrior, an adept PaFi of Okawaru (Elf:2)
  2 deep elf master archers (Elf:3)
  10 acid blobs
  Agnes (Snake:4)
  A tentacled starspawn (Elf:2)
  Kirke (Lair:6)
  7 nagarajas
  A frost giant (Shoals:4)
  8 azure jellies
  Aizul (Snake:4)
  3 deep elf sorcerers (Elf:3)
  The ghost of Suawn the Lord of Darkness, a journeyman HuNe of Kikubaaqudgha (Lair:3)
  An orc warlord (Orc:1)
  3 very ugly things
  3 deep elf elementalists
  A green draconian (Abyss:2)
  7 deep elf annihilators
  2 deep elf demonologists
  Azrael (Snake:1)
  A minotaur (Gauntlet)
  Snorg (D:13)
  2 crystal guardians
  3 merfolk javelineers
  4 deep elf death magi
  5 death oozes
  A rakshasa (Elf:2)
  8 merfolk impalers
  3 ogre magi (D:15)
  4 great orbs of eyes
  2 deep elf high priests (Elf:3)
  19 naga warriors
  19 hydras
  An ice dragon (D:15)
  4 boulder beetles
  2 vault guards (D:13)
  8 merfolk aquamancers
  15 anacondas
  6 centaur warriors
  The ghost of stormclouds the Protected, a novice DDFi of Makhleb (D:10)
  2 death knights
  4 merfolk avatars
  The ghost of Laemoow the Basher, a novice MiBe of Trog (D:13)
  17 two-headed ogres
  4 catoblepae
  A tengu warrior (D:14)
  10 death yaks
  The ghost of Liunij the Lord of Darkness, a novice HONe of Kikubaaqudgha (Lair:1)
  A deep troll shaman (Lair:6)
  A death scarab (Gauntlet)
  29 dancing weapons
  3 orc high priests
  3 satyrs
  Urug (Lair:6)
  4 thrashing horrors
  19 naga sharpshooters
  4 shock serpents
  3 salamander mystics
  A sixfirhy (Abyss:2)
  A spatial maelstrom (Abyss:2)
  15 deep elf knights
  2 skeletal warriors (D:15)
  3 wretched stars
  3 glowing orange brains
  21 sea snakes
  An unseen horror (D:12)
  A spectral hydra (Gauntlet)
  9 naga ritualists
  An obsidian statue (D:10)
  6 deep elf archers
  8 orc knights
  2 necromancers (Elf:1)
  A lindwurm (Lair:6)
  6 oklob plants
  3 harpies (Shoals:4)
  42 deep elf magi
  10 ugly things
  A wolf spider (shapeshifter) (D:15)
  7 orc sorcerers
  14 mana vipers
  A wolf spider (D:15)
  11 manticores
  9 cyclopes
  13 salamanders
  5 shining eyes
  A worldbinder (Abyss:2)
  17 fauns
  A centaur zombie (D:11)
  11 merfolk sirens
  47 black mambas
  10 elephants
  6 guardian serpents
  5 water nymphs
  34 naga magi
  Maurice (D:11)
  A black mamba (shapeshifter) (Elf:1)
  17 cane toads
  2 eyes of devastation
  2 centaur skeletons (D:13)
  5 gargoyles
  An orange demon (Abyss:2)
  5 rime drakes
  11 komodo dragons
  2 yaktaurs (D:13)
  A hellion (Abyss:2)
  A tormentor (Abyss:2)
  An efreet (D:14)
  3 freezing wraiths
  25 merfolk
  An ancient zyme (Abyss:2)
  A tengu conjurer (D:13)
  6 polar bears
  A meliai (shapeshifter) (Elf:2)
  6 wind drakes
  A blink frog (shapeshifter) (D:15)
  4 raiju (Abyss:2)
  52 slime creatures
  5 trolls
  7 blink frogs
  10 snapping turtles
  5 dream sheep (Shoals:2)
  A flying skull (Abyss:2)
  6 large abominations
  3 air elementals
  Sigmund (D:2)
  2 wyverns
  3 centaur simulacra
  2 shadows
  14 water elementals
  A black mamba skeleton (Abyss:2)
  45 yaks
  7 wraiths
  4 fire elementals
  4 basilisks
  2 hogs (Lair:6)
  5 golden eyes
  A steam dragon (D:8)
  2 neqoxecs (Abyss:2)
  6 vampire mosquitoes
  A redback simulacrum (Gauntlet)
  A warg (Orc:1)
  39 nagas
  A spatial vortex (Abyss:2)
  A hydra simulacrum (Lair:1)
  A soldier ant (D:11)
  3 acid dragons
  3 hell hounds (Snake:1)
  19 water moccasins
  2 floating eyes
  30 orc warriors
  3 ice beasts
  8 sky beasts
  2 phantoms
  2 necrophages
  7 eyes of draining
  A black bear (Lair:6)
  4 wolves (Lair:6)
  17 ogres
  17 centaurs
  A big kobold (D:8)
  26 bullfrogs
  4 elf zombies (Elf:1)
  2 gnoll sergeants
  A cane toad simulacrum (Lair:1)
  8 small abominations
  3 earth elementals
  A wyvern skeleton (D:14)
  6 scorpions
  A hornet simulacrum (Gauntlet)
  13 killer bees
  A blink frog simulacrum (Lair:1)
  20 wights
  5 howler monkeys
  3 quasits
  5 hounds
  4 iron imps
  A wyvern simulacrum (Lair:1)
  2 jellies
  A komodo dragon simulacrum (Lair:1)
  A bullfrog zombie (D:10)
  30 orc priests
  2 bullfrog skeletons
  32 orc wizards
  A water moccasin simulacrum (Lair:1)
  2 iguanas
  8 worker ants
  A bullfrog simulacrum (Gauntlet)
  3 hound zombies
  2 hound skeletons
  3 worker ant zombies
  18 gnolls
  15 adders
  A howler monkey skeleton (D:9)
  2 shadow imps
  3 white imps
  An ufetubus (D:5)
  2 oozes
  An adder skeleton (D:6)
  3 worms
  3 dart slugs
  4 leopard geckos
  129 orcs
  5 bats
  9 giant cockroaches
  2 gnoll zombies (D:3)
  5 goblins
  4 hobgoblins
  11 jackals
  2 quokkas (D:4)
  4 ball pythons
  3 frilled lizards
  14 kobolds
  8 rats
1501 creatures vanquished.

Vanquished Creatures (others)
  A vault guard (D:13)
  A satyr (Shoals:4)
  A merfolk siren (Shoals:4)
  A freezing wraith (D:14)
  A blink frog (Lair:3)
  An orc priest (Orc:2)
  An orc wizard (Orc:2)
  5 demonic plants (Gauntlet)
  69 fungi
  174 plants
  A starspawn tentacle (Elf:2)
256 creatures vanquished.

Grand Total: 1757 creatures vanquished

Notes
Turn   | Place    | Note
-------+----------+-------------------------------------------
     0 | D:1      | Peloso the Minotaur Fighter began the quest for the Orb.
     0 | D:1      | Reached XP level 1. HP: 19/19 MP: 0/0
   401 | D:1      | Reached skill level 4 in Shields
   401 | D:1      | Reached XP level 2. HP: 24/27 MP: 1/1
  1160 | D:2      | Reached XP level 3. HP: 33/33 MP: 2/2
  1711 | D:2      | Noticed Sigmund
  1727 | D:2      | Reached XP level 4. HP: 40/40 MP: 3/3
  1737 | D:2      | Killed Sigmund
  1737 | D:2      | Reached skill level 5 in Shields
  1737 | D:2      | Reached XP level 5. HP: 37/47 MP: 4/4
  2322 | D:3      | Reached skill level 5 in Long Blades
  2324 | D:3      | Reached skill level 1 in Dodging
  2374 | D:3      | Reached XP level 6. HP: 53/53 MP: 5/5
  2767 | D:3      | Found a basalt altar of Yredelemnul.
  3176 | D:4      | Reached skill level 5 in Armour
  3374 | D:4      | Reached XP level 7. HP: 51/60 MP: 6/6
  3381 | D:4      | Reached skill level 6 in Shields
  4079 | D:5      | Entered Level 5 of the Dungeon
  4089 | D:5      | Reached skill level 5 in Fighting
  4174 | D:5      | HP: 3/61 [poisoned by a gnoll sergeant]
  4179 | D:5      | HP: 2/61 [poisoned by a gnoll sergeant]
  4186 | D:5      | HP: 1/61 [poisoned by a gnoll sergeant]
  4327 | D:4      | Reached XP level 8. HP: 32/68 MP: 7/7
  4902 | D:5      | Found an ornate altar of the Wu Jian Council.
  5584 | D:6      | Found a burning altar of Makhleb.
  5599 | D:6      | Reached skill level 7 in Shields
  6200 | D:6      | Found a staircase to the Ecumenical Temple.
  6216 | Temple   | Entered the Ecumenical Temple
  6465 | Temple   | Became a worshipper of Warmaster Okawaru
  6513 | D:6      | Found a hazy altar of Hepliaklqana.
  6544 | D:6      | Found a bloodstained altar of Trog.
  6753 | D:7      | Reached skill level 8 in Shields
  6753 | D:7      | Reached XP level 9. HP: 71/73 MP: 8/8
  7534 | D:8      | Reached * piety under Okawaru
  7761 | D:8      | Found an opulent altar of Gozag.
  7767 | D:8      | Found Gozag's Platinum Reserve.
  8487 | D:8      | Found a shimmering altar of Xom.
  8730 | D:9      | Noticed a two-headed ogre
  8741 | D:9      | Killed a two-headed ogre
  8741 | D:9      | Reached ** piety under Okawaru
  8741 | D:9      | Reached skill level 9 in Shields
  8861 | D:9      | Reached skill level 10 in Long Blades
  8880 | D:9      | Found a staircase to the Lair.
  8930 | D:8      | Reached XP level 10. HP: 72/84 MP: 9/9
  8948 | D:8      | Reached *** piety under Okawaru
  9347 | D:9      | HP: 4/84 [orc priest/divine providence (10)]
  9762 | D:9      | Reached skill level 10 in Shields
  9879 | D:9      | Found a blossoming altar of Fedhas.
 10337 | D:10     | Entered Level 10 of the Dungeon
 10496 | D:10     | Found a snail-covered altar of Cheibriados.
 10679 | D:10     | Reached **** piety under Okawaru
 11012 | D:10     | Found a runed translucent gate.
 11013 | D:10     | Found a runed translucent gate.
 11013 | D:10     | Found an opulent altar of Gozag.
 11014 | D:10     | Found a runed translucent gate.
 11014 | D:10     | Noticed an obsidian statue
 11033 | D:10     | Noticed stormclouds's ghost (novice DDFi)
 11033 | D:10     | Noticed a gargoyle
 11035 | D:10     | Noticed a death knight
 11349 | D:10     | Reached skill level 10 in Armour
 11827 | D:11     | Noticed a red ugly thing
 11838 | D:11     | Killed a red ugly thing
 11838 | D:11     | Reached ***** piety under Okawaru
 11838 | D:11     | Reached XP level 11. HP: 77/95 MP: 7/10
 12060 | D:11     | Noticed Maurice
 12076 | D:11     | Killed Maurice
 12076 | D:11     | Reached skill level 11 in Shields
 12328 | D:11     | Reached skill level 1 in Stealth
 12405 | D:11     | Reached skill level 1 in Evocations
 12959 | D:12     | Killed an unseen horror
 13228 | D:12     | Received a gift from Okawaru
 13255 | D:12     | Got a transparent hat {god gift}
 13261 | D:12     | Identified the +2 hat "Hiror" {Dex+4} (Okawaru gifted it to
                  | you on level 12 of the Dungeon)
 13311 | D:12     | Found a staircase to the Orcish Mines.
 13449 | D:12     | Noticed a centaur warrior
 13469 | D:12     | Killed a centaur warrior
 13587 | D:12     | Noticed a two-headed ogre
 13594 | D:12     | Killed a two-headed ogre
 13594 | D:12     | Reached skill level 1 in Invocations
 13985 | Lair:1   | Entered Level 1 of the Lair of Beasts
 13992 | Lair:1   | Reached skill level 12 in Shields
 14044 | Lair:1   | Found a runed translucent gate.
 14045 | Lair:1   | Found a runed translucent gate.
 14055 | Lair:1   | Found a runed translucent gate.
 14070 | Lair:1   | Noticed a seven-headed hydra
 14072 | Lair:1   | Noticed an eight-headed hydra
 14092 | Lair:1   | Killed an eight-headed hydra
 14111 | Lair:1   | Noticed an oklob plant
 14112 | Lair:1   | Paralysed by a floating eye for 4 turns
 14117 | Lair:1   | Paralysed by a floating eye for 2 turns
 14130 | Lair:1   | Noticed Liunij's ghost (novice HONe)
 14222 | Lair:1   | Reached XP level 12. HP: 104/105 MP: 11/11
 14236 | Lair:1   | Noticed a seven-headed hydra
 14246 | Lair:1   | Killed a seven-headed hydra
 14246 | Lair:1   | Reached skill level 1 in Short Blades
 14724 | Lair:1   | Killed a seven-headed hydra
 14724 | Lair:1   | Reached skill level 10 in Fighting
 14724 | Lair:1   | Reached skill level 13 in Shields
 14795 | Lair:1   | Paralysed by a floating eye for 3 turns
 14821 | Lair:1   | Noticed a six-headed hydra
 14834 | Lair:1   | Killed a six-headed hydra
 14834 | Lair:1   | Received a gift from Okawaru
 14834 | Lair:1   | Reached ****** piety under Okawaru
 15188 | Lair:2   | Reached skill level 5 in Short Blades
 15233 | Lair:2   | Noticed a boulder beetle
 15263 | Lair:2   | Killed a boulder beetle
 15277 | Lair:2   | Found a staircase to the Shoals.
 15282 | Lair:2   | Received a gift from Okawaru
 15303 | Lair:2   | Got a jewelled hat {god gift}
 15317 | Lair:2   | Identified the +2 hat of the Big Bang {rC+ rCorr Stlth+}
                  | (Okawaru gifted it to you on level 2 of the Lair of Beasts)
 15837 | Lair:3   | Found a gate leading to a gauntlet.
 15846 | Gauntlet | Entered a Gauntlet
 15846 | Gauntlet | Found a transporter.
 15846 | Gauntlet | Found a transporter.
 15846 | Gauntlet | Found a transporter.
 15849 | Gauntlet | Found a transporter.
 15851 | Gauntlet | Found a transporter.
 15853 | Gauntlet | Found a large runed translucent door.
 15854 | Gauntlet | Found a large runed translucent door.
 15855 | Gauntlet | Found a large runed translucent door.
 15855 | Gauntlet | Found a large runed translucent door.
 15855 | Gauntlet | Found a runed translucent door.
 15855 | Gauntlet | Found a runed translucent door.
 15856 | Gauntlet | Found a large runed translucent door.
 15857 | Gauntlet | Found a large runed translucent door.
 15857 | Gauntlet | Found a large runed translucent door.
 15857 | Gauntlet | Found a large runed translucent door.
 15857 | Gauntlet | Found a large runed translucent door.
 15857 | Gauntlet | Found a large runed translucent door.
 15858 | Gauntlet | Found a large runed translucent door.
 15858 | Gauntlet | Noticed a death scarab
 15859 | Gauntlet | Found a large runed translucent door.
 15860 | Gauntlet | Found a large runed translucent door.
 15860 | Gauntlet | Found a large runed translucent door.
 15860 | Gauntlet | Found a large runed translucent door.
 15862 | Gauntlet | Found a runed translucent gate.
 15862 | Gauntlet | Found a runed translucent gate.
 15862 | Gauntlet | Found a runed translucent gate.
 15864 | Gauntlet | Found a transporter.
 15868 | Gauntlet | Found a transporter.
 15876 | Gauntlet | Found a large runed translucent door.
 15884 | Gauntlet | Found the +2 cloak of the Thief {*Fog Slay-2 SInv Stlth+}
 15886 | Gauntlet | Found a transporter.
 15974 | Gauntlet | Found a transporter.
 15989 | Gauntlet | Found a transporter.
 15991 | Gauntlet | Found a transporter.
 16006 | Gauntlet | Found a transporter.
 16101 | Gauntlet | Reached XP level 13. HP: 85/114 MP: 12/12
 16318 | Gauntlet | Identified the cursed +1 chain mail of Thoughtfulness
                  | {Str+2}
 16318 | Gauntlet | Noticed a minotaur
 16330 | Gauntlet | Killed a minotaur
 16365 | Gauntlet | Got a crystal short sword
 16366 | Gauntlet | Identified the cursed +3 short sword of Prudence {vorpal,
                  | MR+ Dex+2} (You found it in a Gauntlet)
 16775 | D:13     | Reached skill level 14 in Shields
 16925 | D:13     | Noticed Snorg
 16939 | D:13     | Killed Snorg
 16939 | D:13     | Received a gift from Okawaru
 17394 | D:13     | Found a runed translucent gate.
 17394 | D:13     | Found a runed translucent gate.
 17394 | D:13     | Found a runed translucent gate.
 17397 | D:13     | Noticed Laemoow's ghost (novice MiBe)
 17443 | D:13     | You fall into a shaft and drop 2 floors!
 17443 | D:15     | Entered Level 15 of the Dungeon
 17493 | D:15     | Found Kunasat's Assorted Antiques.
 17504 | D:15     | Bought an ancient granite ring for 150 gold pieces
 17507 | D:15     | Identified the ring of Ephemeral Luck {+Fly rElec rF+} (You
                  | bought it in a shop on level 15 of the Dungeon)
 17608 | D:15     | Received a gift from Okawaru
 17609 | D:15     | Found the +8 longbow "Zephyr" {speed, Dex+3 SInv}
 18040 | D:15     | Reached skill level 15 in Shields
 18074 | D:15     | Reached XP level 14. HP: 58/126 MP: 14/14
 18905 | D:13     | Received a gift from Okawaru
 18932 | D:13     | Found a gate to the Vaults.
 19670 | D:14     | Reached skill level 15 in Long Blades
 20586 | D:14     | Found Fyguif's Book Shop.
 20677 | D:14     | You fall into a shaft and drop 1 floor!
 21074 | D:15     | Received a gift from Okawaru
 21158 | D:15     | Reached skill level 16 in Shields
 21163 | D:15     | Found a staircase to the Depths.
 21605 | D:15     | Found a runed translucent door.
 22252 | Orc:1    | Entered Level 1 of the Orcish Mines
 22604 | Orc:1    | Reached XP level 15. HP: 122/136 MP: 15/15
 22691 | Orc:1    | Found Horiwnou's Magic Scroll Shop.
 22702 | Orc:1    | Bought a scroll of magic mapping for 42 gold pieces
 22813 | Orc:2    | Entered Level 2 of the Orcish Mines
 23047 | Orc:2    | Noticed an orc warlord
 23381 | Orc:1    | Killed an orc warlord
 24243 | Orc:2    | Paralysed by an orc sorcerer for 2 turns
 24450 | Orc:2    | Found a staircase to the Elven Halls.
 24611 | Orc:2    | Found Egotin's General Store.
 24612 | Orc:2    | Found Ugoamu's Jewellery Emporium.
 24613 | Orc:2    | Found Roihel's Antique Armour Shoppe.
 24613 | Orc:2    | Found Wodghas's Antique Weapon Shoppe.
 24908 | Lair:4   | Found a staircase to the Snake Pit.
 25668 | Lair:4   | Reached skill level 17 in Shields
 26511 | Lair:4   | Received a gift from Okawaru
 26512 | Lair:4   | Found the +7 Spriggan's Knife {stab, EV+4 Stlth+}
 27083 | Lair:3   | Got a blackened falchion
 27084 | Lair:3   | Identified the +6 falchion of Ziyteon {drain, Str+2} (You
                  | found it on level 3 of the Lair of Beasts)
 27270 | Lair:3   | Reached skill level 15 in Armour
 27685 | Lair:3   | Found a large runed translucent door.
 27686 | Lair:3   | Found a large runed translucent door.
 27688 | Lair:3   | Noticed Suawn's ghost (journeyman HuNe)
 27715 | Lair:3   | Killed Suawn's ghost
 28045 | Lair:1   | Killed Liunij's ghost
 28045 | Lair:1   | Received a gift from Okawaru
 28071 | Lair:1   | Got a faintly humming scale mail {god gift}
 28092 | Lair:1   | Got the ring "Plog" {Fire}
 28094 | Lair:1   | Identified the ring "Plog" {Fire rN+} (You found it on
                  | level 1 of the Lair of Beasts)
 28242 | D:10     | Killed stormclouds's ghost
 28720 | D:13     | Killed Laemoow's ghost
 29278 | Orc:2    | Bought a cursed amulet of inaccuracy for 26 gold pieces
 29294 | Orc:2    | Bought a dazzling cloak for 323 gold pieces
 29294 | Orc:2    | Bought a brightly glowing chain mail for 323 gold pieces
 29310 | Orc:2    | Identified the +3 scale mail "Ducwutzairuk" {rElec Dex+4}
                  | (Okawaru gifted it to you on level 1 of the Lair of Beasts)
 29330 | Orc:2    | Identified the cursed +0 cloak of Jutuinud {rF- rC+ Str+9
                  | Dex-3} (You bought it in a shop on level 2 of the Orcish
                  | Mines)
 29335 | Orc:2    | Identified the +5 chain mail of Temperance {Rampage Str+2}
                  | (You bought it in a shop on level 2 of the Orcish Mines)
 29763 | Shoals:1 | Entered Level 1 of the Shoals
 29769 | Shoals:1 | Reached XP level 16. HP: 147/147 MP: 16/16
 30932 | Shoals:1 | Reached skill level 18 in Shields
 31364 | Shoals:1 | Received a gift from Okawaru
 31962 | Snake:1  | Entered Level 1 of the Snake Pit
 32127 | Snake:1  | Noticed Azrael
 32141 | Snake:1  | Killed Azrael
 32141 | Snake:1  | Reached skill level 15 in Fighting
 33128 | Snake:1  | Identified a scroll of acquirement
 33129 | Snake:1  | Acquired the +7 crystal plate armour of the Lizard {Int+2
                  | Slay+2}
 33682 | Snake:2  | Received a gift from Okawaru
 33814 | Snake:2  | Reached skill level 19 in Shields
 34111 | Snake:2  | Found a basalt altar of Yredelemnul.
 34518 | Snake:2  | Reached XP level 17. HP: 127/157 MP: 13/17
 35355 | Snake:3  | Received a gift from Okawaru
 35681 | Snake:3  | Found the +8 mithril axe "Arga" {speed, MR+}
 36187 | Snake:3  | Reached skill level 20 in Shields
 36659 | Shoals:2 | Found Veuvaq's Antique Weapon Boutique.
 36670 | Shoals:2 | Found Teclimm's Assorted Antiques.
 36681 | Shoals:2 | Found Qux Raxe's Weapon Boutique.
 37236 | Shoals:2 | Received a gift from Okawaru
 38037 | Shoals:4 | Entered Level 4 of the Shoals
 39395 | Shoals:4 | Reached XP level 18. HP: 103/168 MP: 18/18
 39683 | Shoals:4 | Received a gift from Okawaru
 39960 | Shoals:4 | Reached skill level 21 in Shields
 40572 | Shoals:4 | Got a barnacled rune of Zot
 41221 | Lair:5   | Received a gift from Okawaru
 41231 | Lair:5   | Identified the +1 scale mail of the Rose {rPois rC+ rN+}
                  | (Okawaru gifted it to you on level 5 of the Lair of Beasts)
 41976 | Lair:6   | Entered Level 6 of the Lair of Beasts
 42693 | Lair:6   | Got a crude hand crossbow
 42696 | Lair:6   | Got an ichor-stained plate armour
 42707 | Lair:6   | Identified the cursed +1 plate armour of Integrity {-Cast
                  | rC+ rCorr Int+4} (You found it on level 6 of the Lair of
                  | Beasts)
 42789 | Lair:6   | Noticed Kirke
 42806 | Lair:6   | Killed Kirke
 42852 | Lair:6   | Noticed Urug
 42863 | Lair:6   | Killed Urug
 42919 | Lair:6   | Found a staircase to the Slime Pits.
 43598 | Lair:4   | Identified the +5 hand crossbow of Death's Door {freeze,
                  | +Inv rF++ Dex+4} (You found it on level 6 of the Lair of
                  | Beasts)
 43862 | Snake:4  | Entered Level 4 of the Snake Pit
 44549 | Elf:1    | Entered Level 1 of the Elven Halls
 45013 | Elf:1    | Reached skill level 22 in Shields
 45121 | Elf:1    | Received a gift from Okawaru
 45344 | Elf:1    | Found Tiet's Antique Armour Boutique.
 45345 | Elf:1    | Found Wevveecki's Book Boutique.
 45394 | Elf:1    | Bought a slimy cloak for 218 gold pieces
 45394 | Elf:1    | Bought a jewelled chain mail for 218 gold pieces
 45406 | Elf:1    | Identified the cursed +0 chain mail of Qaidatta {MR+} (You
                  | bought it in a shop on level 1 of the Elven Halls)
 45416 | Elf:1    | Identified the +1 cloak of Virtue {Rampage rPois Str+4
                  | Dex+3} (You bought it in a shop on level 1 of the Elven
                  | Halls)
 46253 | Elf:1    | Identified the Incunabulum of Dark Rites
 46279 | Elf:1    | Reached XP level 19. HP: 176/177 MP: 19/19
 46539 | Elf:2    | Identified the +5 long sword of Otyvom {distort, rN+ Str+4}
 46581 | Elf:2    | Noticed Bujuoga's ghost (adept PaFi)
 46585 | Elf:2    | Noticed a hellephant
 46591 | Elf:2    | Found a transporter.
 46659 | Elf:2    | Found a transporter.
 46671 | Elf:2    | Found a one-way gate to the infinite horrors of the Abyss.
 46746 | Elf:3    | Entered Level 3 of the Elven Halls
 46803 | Elf:3    | Found Goix's Book Shoppe.
 46833 | Elf:3    | Noticed Asterion
 46851 | Elf:3    | Killed Asterion
 46937 | Elf:3    | Found Toyhoq's Assorted Antiques.
 46945 | Elf:3    | Bought a clouded golden amulet for 110 gold pieces
 46956 | Elf:3    | Identified the amulet of Vaystr Naviwk {+Blink rF+ rC+
                  | Regen+} (You bought it in a shop on level 3 of the Elven
                  | Halls)
 47364 | Elf:3    | Cast into level 2 of the Abyss (a deep elf sorcerer)
 47547 | Abyss:2  | Received a gift from Okawaru
 47717 | Elf:3    | Escaped the Abyss
 48498 | Elf:3    | Got a brightly glowing iron ring
 48608 | Elf:3    | Found the +8 demon trident "Rift" {distort, reach+}
 48612 | Elf:3    | Gained mutation: Armour fits poorly on your strangely
                  | shaped body. [a neqoxec]
 48659 | Elf:3    | Got a scintillating ruby amulet
 48672 | Elf:3    | Got an ancient ruby amulet
 48765 | Elf:3    | Identified the ring "Tuiticoxt" {rF+ rC+ MP+9} (You found
                  | it on level 3 of the Elven Halls)
 48766 | Elf:3    | Identified the amulet of Ydwigan {Inacc rC+ rN+ Int+4} (You
                  | found it on level 3 of the Elven Halls)
 48771 | Elf:3    | Identified the amulet "Zaptoriuxt" {RegenMP Str+2} (You
                  | found it on level 3 of the Elven Halls)
 48782 | Elf:3    | Got a slimy chain mail
 48821 | Elf:3    | Identified the +2 chain mail of the Six Servitors {rC+
                  | Regen+} (You found it on level 3 of the Elven Halls)
 49330 | Elf:2    | Found a runed translucent gate.
 49330 | Elf:2    | Found a runed translucent gate.
 49330 | Elf:2    | Found a runed translucent gate.
 49426 | Elf:2    | Received a gift from Okawaru
 49468 | Elf:2    | Reached skill level 23 in Shields
 49591 | Elf:2    | Got a pair of fine boots {god gift}
 49604 | Elf:2    | Identified the +2 pair of boots "Joycef" {MR+} (Okawaru
                  | gifted it to you on level 2 of the Elven Halls)
 49717 | Elf:2    | Reached XP level 20. HP: 189/189 MP: 20/20
 50168 | Elf:2    | Killed Bujuoga's ghost
 50660 | Elf:2    | Identified the +0 hat of the Valley of Death {-Cast -Tele
                  | Rampage rC+++} (You found it on level 2 of the Elven Halls)
 51030 | Lair:4   | Acquired 1211 gold pieces
 51445 | Snake:4  | Noticed Aizul
 51715 | Snake:4  | Killed Aizul
 52457 | Snake:4  | Received a gift from Okawaru
 52578 | Snake:4  | Received a gift from Okawaru
 52645 | Snake:4  | Got a serpentine rune of Zot
 52711 | Snake:4  | Noticed Agnes
 52722 | Snake:4  | Killed Agnes
 53022 | Snake:4  | Reached skill level 24 in Shields
 53461 | Vaults:1 | Entered Level 1 of the Vaults
 53744 | Slime:1  | Entered Level 1 of the Pits of Slime
 53826 | Slime:2  | Noticed Dissolution
 53943 | Slime:1  | Killed Dissolution
 54076 | Slime:4  | Received a gift from Okawaru
 54097 | Slime:4  | Paralysed by a floating eye for 4 turns
 54111 | Slime:3  | Paralysed by a floating eye for 2 turns
 54402 | Slime:4  | Identified the +5 war axe of Drought {protect, rN+}
                  | (Okawaru gifted it to you on level 4 of the Pits of Slime)
 54455 | Slime:5  | Entered Level 5 of the Pits of Slime
 54499 | Slime:5  | Reached XP level 21. HP: 155/200 MP: 22/22
 54501 | Slime:5  | Noticed the Royal Jelly
 54532 | Slime:4  | Gained mutation: You are weak. (Str -2) [a shining eye]
 55086 | Slime:4  | Gained mutation: Your body sometimes deteriorates upon
                  | taking damage. [a shining eye]
 55089 | Slime:4  | Gained mutation: You are occasionally teleported next to
                  | monsters. [a shining eye]
 55092 | Slime:4  | Gained mutation: You tend to lose your temper in combat. [a
                  | shining eye]
 55097 | Slime:4  | Lost mutation: Your body sometimes deteriorates upon taking
                  | damage. [potion of mutation]
 55097 | Slime:4  | Lost mutation: You tend to lose your temper in combat.
                  | [potion of mutation]
 55097 | Slime:4  | Lost mutation: You are weak. (Str -2) [potion of mutation]
 55097 | Slime:4  | Gained mutation: You are dopey. (Int -2) [potion of
                  | mutation]
 55097 | Slime:4  | Gained mutation: You expend magic power (3 MP) to
                  | strengthen your wands. [potion of mutation]
 55097 | Slime:4  | Gained mutation: You have supernaturally acute eyesight.
                  | (SInv) [potion of mutation]
 55097 | Slime:4  | Gained mutation: You evolve. [potion of mutation]
 55377 | Slime:5  | Gained mutation: Your spells are a little easier to cast,
                  | but a little less powerful. [a shining eye]
 55393 | Slime:5  | Received a gift from Okawaru
 55430 | Slime:5  | Found a viscous altar of Jiyva.
 55436 | Slime:5  | Found the +8 glaive of the Guard {elec, +Rage AC+5 SInv}
 55649 | Slime:5  | Killed the Royal Jelly
 55666 | Slime:5  | HP: 14/303 [death ooze[the Royal Jelly] (2)]
 55667 | Slime:5  | Slain by an acid blob

Illustrated notes

Levels and vault maps discovered:
D:1:      dpeg_arrival_round_a, layout_loops_cross
D:2:      layout_loops_corners, uniq_sigmund
D:3:      layout_loops_cross, lemuel_zombie_altar_yredelemnul
D:4:      layout_cave_pods, grunt_ministairs_7
D:5:      layout_basic, kennysheep_mini
D:6:      layout_rooms, demons_altar, lemuel_round_altar,
          lightli_temple_of_fire, minmay_temple_entry_statues
D:7:      layout_basic
D:8:      layout_loops_ring, old_standard_altar,
          nicolae_gozag_zags_fifth_avenue, grunt_ogre_cave
D:9:      layout_irregular_city, fedhas_altar_2, due_lair_maze_entry_diamond,
          kennysheep_cross_room
D:10:     layout_small_grid, basic_altar, ebering_ghost_gozag, special_room
          [special_room_orc], hangedman_abyss_or_decor_passed,
          lightli_fourway_metalbox
D:11:     layout_stronghold, hangedman_glass_teeth, uniq_maurice
D:12:     layout_irregular_city, hiddenorc2_lemuel
D:13:     layout_irregular_city, grunt_vaults_entry_fortified,
          gammafunk_ghost_spectres, uniq_snorg
D:14:     layout_basic, minmay_misc_feat_room, serial_shops, shop
D:15:     grunt_enter_depths_magical_seal, layout_loops_ring, serial_shops,
          nicolae_shop_stone, minmay_st_funbox
Temple:   minmay_temple_curvy_branch
Lair:1:   cheibrodos_lair_river_kwai, layout_hall_layers, gammafunk_ghost_icy,
          disabler_island
Lair:2:   layout_concentric_octagons, shoals_dummy_entry, grunt_megastairs_4,
          lemuel_fruit_tree
Lair:3:   layout_chaotic_city, ebering_ghost_disaster_area,
          gauntlet_entry_generic, hangedman_lair_generics_rect,
          serial_bayou_shore_b, minmay_lair_oklob_chamber
Lair:4:   layout_hall_layers, dummy_snake_entry
Lair:5:   layout_cave_pods, infiniplex_staircase_pool
Lair:6:   grunt_lair_end_beastmaster, layout_concentric_octagons, slime_dummy,
          serial_bayou_pond_b, patterned_corridor, lemuel_fruit_fields,
          uniq_urug, uniq_kirke
Shoals:1: layout_shoals
Shoals:2: layout_shoals, serial_shops, nicolae_shop_crystal,
          nicolae_shop_crystal, nicolae_shop_statue_plus
Shoals:3: cheibrodos_shoals_three_sisters, layout_shoals, uniq_donald
Shoals:4: shoals_end_grunt_ice, layout_shoals
Snake:1:  nicolae_snake_nest, layout_gridlike, serial_bayou_shore_b, uniq_azrael
Snake:2:  layout_gridlike, basic_altar
Snake:3:  layout_grid_shapes, st_stairs_6
Snake:4:  snake_pit, layout_cave_town, drop_trap, uniq_agnes, uniq_aizul
Slime:1:  layout_caves
Slime:2:  layout_caves, uniq_dissolution
Slime:3:  layout_caves
Slime:4:  layout_caves
Slime:5
Orc:1:    layout_caves, serial_shops, nicolae_shop_crystal
Orc:2:    st_orc_congregation, layout_diamond_mine
Elf:1:    elf_arrival_002, layout_loops_corners, serial_shops, shop, shop,
          minmay_elf_necromancy
Elf:2:    layout_gridlike, gammafunk_ghost_abyssal_escape
Elf:3:    minmay_elf_hall, layout_geoelf_diagonals, serial_shops,
          nicolae_shop_stone, shop, uniq_asterion
Vaults:1: ontoclasm_vaults_decontamination, ontoclasm_vaults_idyll, v_rooms_6,
          nicolae_vaults_big_ls, v_misc_2, grunt_vaults_diagonal, v_rooms_6,
          vaults_dpeg_cross, vaults_dpeg_spiral, vaults_room_mumra_shop_pool,
          hangedman_vaults_trim, v_alt_pattern_3,
          nicolae_vaults_yaktaur_gun_rack, vaults_room_guarded_vault,
          ontoclasm_vaults_fault, layout_vaults_ring

Skill      XL: |  1  2  3  4  5  6  7  8  9 10 11 12 13 14 15 16 17 18 19 20 21 |
---------------+----------------------------------------------------------------+-----
Shields        | 4 5 6 8 9 10 12 13 15 16 17 19 20 22 23 24 | 24.8
Armour         | 4 5 6 7 9 10 11 12 13 14 15 16 17 18 19 | 19.6
Fighting       | 4 5 6 7 8 9 10 12 13 14 15 16 17 18 19 20 | 20.4
Long Blades    | 3 4 5 6 7 8 10 11 12 13 14 15 16 17 18 19 20 21 | 21.1
Dodging        | 1 2 3 4 |  4.9
Stealth        | 2 4 |  4.1
Evocations     | 1 |  1.6
Invocations    | 1 2 3 |  3.0
Short Blades   | 5 |  5.9

Action                   |  1- 3 |  4- 6 |  7- 9 | 10-12 | 13-15 | 16-18 | 19-21 || total
-------------------------+-------+-------+-------+-------+-------+-------+-------++-------
Melee: Long sword        |    88 |   133 |   348 |   609 |       |       |       ||  1178
       Headbutt          |     8 |    37 |   103 |   327 |   440 |   484 |   470 ||  1869
       Short sword       |       |       |       |   141 |    25 |       |       ||   166
       Demon blade       |       |       |       |   138 |  1035 |  1565 |  1124 ||  3862
       Scimitar          |       |       |       |       |   143 |   156 |       ||   299
       Double sword      |       |       |       |       |       |       |    96 ||    96
Invok: Heroism           |       |       |     1 |     8 |    13 |     7 |    10 ||    39
       Finesse           |       |       |       |       |     1 |       |     1 ||     2
Evoke: Wand              |       |       |       |    13 |    17 |       |       ||    30
  Use: Potion            |     4 |     2 |     5 |     2 |       |    10 |     4 ||    27
       Scroll            |       |       |     6 |    13 |    11 |    13 |    15 ||    58
 Stab: Paralysed         |       |       |       |     8 |       |       |       ||     8
       Petrified         |       |       |       |       |     5 |       |       ||     5
       Petrifying        |       |       |       |       |     1 |       |       ||     1
Armor: Scale mail        |     5 |       |       |       |       |       |       ||     5
       Chain mail        |    53 |    46 |   180 |    38 |       |       |       ||   317
       Plate armour      |       |       |       |   314 |   153 |    36 |       ||   503
       Crystal plate arm |       |       |       |       |   376 |   695 |   587 ||  1658
Dodge: Dodged            |    25 |    25 |   104 |   249 |   299 |   323 |   284 ||  1309
Block: Kite shield       |    50 |    66 |   257 |   575 |   883 |  1660 |   884 ||  4375
       Reflection        |       |       |       |       |       |   172 |    93 ||   265
       Rpst.: Long sword |     5 |     6 |    27 |    39 |       |       |       ||    77
       Demon blade       |       |       |       |     8 |    63 |    52 |    20 ||   143
       Scimitar          |       |       |       |       |     4 |     4 |       ||     8
       Double sword      |       |       |       |       |       |       |     7 ||     7

Table legend: (Time is in decaauts)
 A = Elapsed time spent in this place.
 B = Non-inter-level travel time spent in this place.
 C = Inter-level travel time spent in this place.
 D = Time resting spent in this place.
 E = Time spent auto-exploring this place.
 F = Levels seen in this place.
 G = Mean time per level.
                   A        B        C        D        E       F      G
               +--------+--------+--------+--------+--------+-----+--------+
         Total |  54476 |  50205 |   4271 |   9091 |  25939 |  43 | 1266.9 |
       Dungeon |  20844 |  18928 |   1916 |   1499 |  12936 |  15 | 1389.6 |
        Temple |    273 |    273 |      0 |      0 |    244 |   1 |  273.0 |
          Lair |   9957 |   8814 |   1143 |   1626 |   4401 |   6 | 1659.5 |
        Shoals |   5603 |   5372 |    231 |   1271 |   2203 |   4 | 1400.8 |
     Snake Pit |   6930 |   6446 |    484 |   1878 |   3100 |   4 | 1732.5 |
    Slime Pits |   1786 |   1786 |      0 |    942 |     66 |   5 |  357.2 |
  Orcish Mines |   2901 |   2732 |    169 |   1031 |   1045 |   2 | 1450.5 |
   Elven Halls |   5304 |   4984 |    320 |    824 |   1718 |   3 | 1768.0 |
        Vaults |      8 |      4 |      4 |      0 |      0 |   1 |    8.0 |
         Abyss |    320 |    320 |      0 |      0 |    119 |   1 |  320.0 |
      Gauntlet |    544 |    544 |      0 |     20 |    105 |   1 |  544.0 |
               +--------+--------+--------+--------+--------+-----+--------+

Top non-repeatable levels by time:
  Lair:4: 2372 daAuts
    D:15: 2236 daAuts
 Snake:3: 1998 daAuts
    D:10: 1921 daAuts
    D:13: 1876 daAuts
     D:9: 1817 daAuts
   Elf:3: 1810 daAuts
 Snake:1: 1802 daAuts
  Lair:2: 1771 daAuts
   Elf:2: 1770 daAuts
  Lair:3: 1738 daAuts
    D:11: 1723 daAuts
   Elf:1: 1722 daAuts
Shoals:2: 1666 daAuts
 Snake:4: 1659 daAuts
